 Dungeon Crawl Stone Soup version 0.31-a0-765-g67fe2935dc (webtiles) character file.

Game seed: 18051524837160713538

1703 Skeral the Grappler (level 8, -1/84 HPs)
             Began as a Troll Shapeshifter on Sept 16, 2023.
             Was a Priest of Jiyva.
             Slain by a wolf (9 damage)
             ... led by Grum
             ... on level 8 of the Dungeon.
             The game lasted 00:09:20 (4880 turns).

Skeral the Grappler (Troll Shapeshifter)            Turns: 4880, Time: 00:09:20

Health: -1/84      AC:  4    Str: 23    XL:     8   Next: 73%
Magic:  7/7        EV:  9    Int:  6    God:    Jiyva [***...]
Gold:   361        SH:  0    Dex: 11    Spells: 7/7 levels left

rFire   + .          .
                       - Unarmed
rCold   . . .        (no shield)
rNeg    . . .        a - +0 animal skin
rPois   .            (helmet currently unavailable)
rElec   .            (cloak currently unavailable)
rCorr   +            (gloves unavailable)
SInv    .            (boots unavailable)
Will    .....        (no amulet)
Stlth   +            F - ring of protection from fire
HPRegen 2.26/turn    (no ring)
MPRegen 0.45/turn

%: no passive effects
@: beast-form, studying Dodging
A: beast (slay +1), large, unfitting armour, claws 3, regeneration 1, shaggy fur
1, tough skin 1, hooves 3, horns 1
a: Begin Untransformation, Renounce Religion, Oozemancy


You were on level 8 of the Dungeon.
You worshipped Jiyva.
Jiyva was most pleased with you.
You were a hulking beast.
You visited 2 branches of the dungeon, and saw 9 of its levels.

You collected 361 gold pieces.


Innate Abilities, Weirdness & Mutations

You are a hulking beast.
Your limbs bulge with bestial killing power. (Slay +1)
You are too large for most types of armour.
You have claws for hands.
Your natural rate of healing is unusually fast.
You are covered in fur. (AC +1)
You have tough skin. (AC +1)
You have hooves in place of feet.
You have a pair of small horns on your head.


   Skills:
 + Level 6.6 Fighting
 - Level 1.5 Dodging
 + Level 8.5 Unarmed Combat
 - Level 3.0 Shapeshifting


You had 7 spell levels left.
You didn't know any spells.
Your spell library was empty.

Inventory:

Missiles
 f - 6 boomerangs
 q - 27 poisoned darts
Armour
 a - a +0 animal skin (worn)
 t - a +0 cloak
   (You found it on level 4 of the Dungeon)
Jewellery
 F - a ring of protection from fire (left claw)
   (You found it on level 3 of the Dungeon)
 R - a ring of resist corrosion
   (You found it on level 6 of the Dungeon)
 Z - a ring of wizardry
   (You found it on level 4 of the Dungeon)
Talismans
 c - a beast talisman (active)
 d - a flux talisman
Wands
 w - a wand of polymorph (6)
   (You took it off Ijyb on level 4 of the Dungeon)
 x - a wand of mindburst (14)
   (You found it on level 4 of the Dungeon)
 E - a wand of light (10)
   (You found it on level 7 of the Dungeon)
Scrolls
 g - 3 scrolls of vulnerability {unknown}
 h - a scroll of enchant weapon {unknown}
 i - a scroll of torment {unknown}
 j - 2 scrolls of blinking {unknown}
 l - a scroll of noise {unknown}
 m - 3 scrolls of identify {unknown}
 o - a scroll of summoning {unknown}
 p - a scroll of teleportation {unknown}
 r - a scroll of fear {unknown}
 u - 3 scrolls of fog {unknown}
 y - a scroll of revelation {unknown}
 z - a scroll of enchant armour {unknown}
 C - 3 scrolls of amnesia {unknown}
Potions
 b - 2 potions of lignification {!q}
 e - 2 potions of attraction {unknown}
 k - a potion of might {unknown}
 n - 2 potions of enlightenment {unknown}
 s - a potion of ambrosia {unknown}
 v - a potion of cancellation {unknown}
 A - a potion of mutation {unknown}
 B - 3 potions of degeneration {unknown}
 D - a potion of haste {unknown}

Dungeon Overview and Level Annotations

Branches:
Dungeon (8/15) Zot: 26859  Temple (1/1) D:4 Zot: 5973
   Lair: D:8-11

Altars:
Ashenzari
Cheibriados
Dithmenos
Elyvilon
Hepliaklqana
Nemelex Xobeh
Qazlal
Ru
Sif Muna
Wu Jian
Xom
Yredelemnul
Zin
The Shining One
Jiyva

Shops:
D:2

( ....##..........#
#...J.......J.#.#
#..###..........#
#..###.......##J##
.............##..##
#.....J..J........##
#............##....##
#..###.......##..h..#
.J.#
#.......###h#...h..
#.......# #h#.#....
##.###### #h#.#.....
#. #.#.# h... #.
#.#.. #### #. #.. ...
...


You could see 3 wolves and a neutral jelly (wandering) (fellow slime).


Message History

You hear a distant slurping noise.
A steam dragon comes into view.
The steam dragon hisses angrily.
The steam dragon barely misses you. x2
You claw the steam dragon! You kick the steam dragon.
Your claw misses the steam dragon. The steam dragon breathes steam at you.
The ball of steam hits you. You resist.
You hear an angry growl.
You hear a howl! x4; You hear a shout! 😕 HP[-5]
You take 5 damage, and now have 78/83 hp.
You barely miss the steam dragon. The steam dragon bites you.
The steam dragon claws you. 😕 HP[-2]
You take 2 damage, and now have 76/83 hp.
You scratch the steam dragon but do no damage.
You headbutt the steam dragon. The steam dragon bites you.
The steam dragon claws you.
Grum the Hunter comes into view.
He is wielding a -2 spear. 😕 HP[-4]
You take 4 damage, and now have 72/83 hp.
You mangle the steam dragon!!
You kill the steam dragon! 😕 HP[+3]
You now have 84 max hp (+1).
You regained 3 hp, and now have 75/84 hp.
A wolf comes into view. x2
You hear a distant slurping noise. 😕 HP[+2]
You regained 2 hp, and now have 77/84 hp. 😕 HP[+2]
You regained 2 hp, and now have 79/84 hp.
Grum hits you from afar with a -2 spear! 😕 HP[-8]
You take 8 damage, and now have 71/84 hp.
Grum hits you with a -2 spear! 😮 HP[-13]
You take 13 damage, and now have 58/84 hp.
You scratch Grum. 😮 HP[+2]
You regained 2 hp, and now have 60/84 hp.
You scratch Grum but do no damage. You headbutt Grum!
A wolf comes into view.
Grum barely misses you. 😮 HP[+2]
You regained 2 hp, and now have 62/84 hp.
The wolf howls!
You claw Grum! You kick Grum.
Grum hits you with a -2 spear! 😮 HP[-11]
You take 11 damage, and now have 51/84 hp.
You closely miss Grum. Your kick misses Grum. Your headbutt misses Grum.
The wolf bites you! Grum hits you with a -2 spear.
* * * LOW HITPOINT WARNING * * *
😨 HP[-10]
You take 10 damage, and now have 41/84 hp.
You scratch Grum. You headbutt Grum. The wolf bites you.
* * * LOW HITPOINT WARNING * * *
The wolf bites you.
* * * LOW HITPOINT WARNING * * *
Grum shouts, "Fido!
Good boy!"
Grum completely misses you. 😨 HP[-9]
You take 9 damage, and now have 32/84 hp.
You claw Grum!
You kill Grum!
The wolf bites you.
* * * LOW HITPOINT WARNING * * *
A wolf comes into view.
The wolf bites you!
* * * LOW HITPOINT WARNING * * *
😨 HP[-9]
You take 9 damage, and now have 23/84 hp.
You miss the wolf.
The wolf howls!
Your kick misses the wolf. Your headbutt misses the wolf.
The wolf barely misses you. x2; The wolf bites you!
* * * LOW HITPOINT WARNING * * *
😱 HP[-5]
You take 5 damage, and now have 18/84 hp.
You completely miss the wolf. You kick the wolf. You headbutt the wolf.
The wolf barely misses you. The wolf bites you.
* * * LOW HITPOINT WARNING * * *
The wolf bites you.
* * * LOW HITPOINT WARNING * * *
😱 HP[-4]
You take 4 damage, and now have 14/84 hp.
You completely miss the wolf. Your kick misses the wolf. The wolf bites you.
* * * LOW HITPOINT WARNING * * *
The wolf closely misses you.
You hear a distant slurping noise.
The wolf bites you.
* * * LOW HITPOINT WARNING * * *
😱 HP[-4]
You take 4 damage, and now have 10/84 hp.
You closely miss the wolf. Your kick misses the wolf.
Your headbutt misses the wolf. The wolf bites you.
* * * LOW HITPOINT WARNING * * *
The wolf bites you!
You die...
Xom titters!

Skill      XL: |  1  2  3  4  5  6  7  8 |
---------------+-------------------------+-----
Fighting       | 1 2 3 4 5 6 |  6.6
Unarmed Combat | 4 5 6 7 8 |  8.5
Dodging        | |  1.5
Shapeshifting  | |  3.0

Action                     |  1- 3 |  4- 6 |  7- 9 || total
---------------------------+-------+-------+-------++-------
  Melee: Unarmed           |    97 |    96 |    97 ||   290
         Punch             |       |     3 |     3 ||     6
         Kick              |       |       |     5 ||     5
         Headbutt          |       |       |     5 ||     5
   Stab: Paralysed         |       |     3 |       ||     3
         Sleeping          |       |     1 |       ||     1
 Armour: Animal skin       |    79 |    59 |    92 ||   230
  Dodge: Dodged            |    60 |    43 |    55 ||   158

Levels and vault maps discovered:
D:1:      dpeg_arrival_orchard, layout_basic,
          hellmonk_ecumenical_altar_watching_god
D:2:      layout_rooms, serial_shops, nicolae_shop_tiny_waterfront
D:3:      layout_basic, nemelex_dance_club_becter, uniq_grinder
D:4:      layout_basic, minmay_temple_entry_poolview, minmay_door_square,
          chequers_serial_rivers_small_3, kennysheep_donut, uniq_ijyb
D:5:      layout_rooms, minmay_misc_feat_x
D:6:      layout_basic, lemuel_crystal_altar
D:7:      layout_basic
D:8:      layout_rooms, xom_teletrap_fun, lemuel_doored_altar, uniq_grum
Temple:   pf_slime_end_temple

Notes
Turn   | Place    | Note
-------+----------+-------------------------------------------
     0 | D:1      | Skeral the Troll Shapeshifter began the quest for the Orb.
     0 | D:1      | Reached XP level 1. HP: 18/18 MP: 0/0
     0 | D:1      | magus.rc [v1.10.3]
    24 | D:1      | Reached skill level 1 in Fighting
    45 | D:1      | Reached XP level 2. HP: 26/27 MP: 1/1
    66 | D:1      | Noticed a golden eye
    69 | D:1      | Noticed a shining eye
    73 | D:1      | Found a faded altar of an unknown god.
    76 | D:1      | Noticed a shining eye
    76 | D:1      | Noticed a great orb of eyes
   114 | D:1      | Prayed at the altar of an unknown god.
   114 | D:1      | Became a worshipper of Xom of Chaos
   547 | D:2      | Reached XP level 3. HP: 35/35 MP: 2/2
   634 | D:2      | XOM: divination: magic mapping
   637 | D:2      | XOM: silly message
   641 | D:2      | Reached skill level 2 in Fighting
   823 | D:2      | Found Tyzuj's Weapon Shoppe.
   913 | D:2      | Reached skill level 4 in Unarmed Combat
  1033 | D:3      | Reached XP level 4. HP: 42/42 MP: 3/3
  1064 | D:3      | Found a sparkling altar of Nemelex Xobeh.
  1473 | D:3      | XOM: divination: detect items
  1600 | D:3      | XOM: cloud trail
  1747 | D:3      | Noticed Grinder
  1756 | D:3      | XOM: enchant monster (good)
  1759 | D:3      | Killed Grinder
  1760 | D:3      | Reached skill level 3 in Fighting
  1760 | D:3      | Reached skill level 5 in Unarmed Combat
  1760 | D:3      | Reached XP level 5. HP: 52/53 MP: 4/4
  1760 | D:3      | Reached XP level 6. HP: 60/61 MP: 5/5
  1982 | D:3      | XOM: god gift: lumpy silvery potion {god gift}
  2049 | D:4      | XOM: noise
  2253 | D:4      | XOM: silly message
  2321 | D:4      | Found a staircase to the Ecumenical Temple.
  2341 | Temple   | Entered the Ecumenical Temple
  2355 | Temple   | Fell from the grace of Xom
  2355 | Temple   | Became a worshipper of Jiyva Jyrus the Shapeless
  2492 | D:4      | XOM: summons 1 hostile demon
  2539 | D:4      | Noticed Ijyb
  2543 | D:4      | Killed Ijyb
  2544 | D:4      | Reached skill level 4 in Fighting
  3026 | D:4      | XOM: scenery: create altars
  3067 | D:5      | Entered Level 5 of the Dungeon
  3229 | D:5      | Reached skill level 6 in Unarmed Combat
  3229 | D:5      | Reached XP level 7. HP: 70/71 MP: 6/6
  3311 | D:5      | Reached * piety under Jiyva
  3825 | D:6      | Reached ** piety under Jiyva
  3828 | D:6      | Found a glowing golden altar of the Shining One.
  4031 | D:6      | Reached skill level 5 in Fighting
  4355 | D:7      | Reached skill level 7 in Unarmed Combat
  4433 | D:7      | Reached XP level 8. HP: 73/81 MP: 7/7
  4734 | D:8      | XOM: noise
  4743 | D:8      | Reached skill level 6 in Fighting
  4764 | D:8      | Reached skill level 8 in Unarmed Combat
  4815 | D:8      | Reached *** piety under Jiyva
  4831 | D:8      | Gained mutation: You have large cloven feet. [Jiyva's
                  | grace]
  4831 | D:8      | Gained mutation: You have hoof-like feet. [Jiyva's grace]
  4831 | D:8      | Gained mutation: You have hooves in place of feet. [Jiyva's
                  | grace]
  4831 | D:8      | Gained mutation: You have a pair of small horns on your
                  | head. [Jiyva's grace]
  4865 | D:8      | Noticed Grum
  4876 | D:8      | Killed Grum
  4877 | D:8      | HP: 18/84 [wolf[Grum] (7)]
  4880 | D:8      | HP: 8/84 [wolf[Grum] (3)]
  4880 | D:8      | Slain by a wolf

Vanquished Creatures
  Grinder (D:3)
  Grum (D:8)
  A steam dragon (D:8)
  2 water moccasins
  An ice beast (D:7)
  A centaur (D:5)
  An ogre (D:6)
  2 kobold brigands (D:8)
  A bullfrog (D:8)
  A scorpion (D:6)
  4 wights (D:7)
  2 orc priests (D:6)
  Ijyb (D:4)
  3 orc wizards
  6 gnolls
  5 adders
  4 worms
  3 dart slugs
  15 orcs
  9 ball pythons
  9 endoplasms
  2 giant cockroaches (D:2)
  7 goblins
  6 hobgoblins
  8 jackals
  19 kobolds
  4 quokkas
  3 bats (D:2)
  4 frilled lizards
  4 rats
130 creatures vanquished.

Vanquished Creatures (others)
  A kobold brigand (D:8)
  2 jellies
  A hound (D:4)
  An orc wizard (D:5)
  2 adders (D:6)
  2 orcs (D:5)
  A hobgoblin (D:4)
  A kobold (D:8)
11 creatures vanquished.

Grand Total: 141 creatures vanquished

Table legend:
 A = Non-vault XP
 B = Vault XP
 C = Vault XP percentage of total XP
 D = Non-vault monster count
 E = Vault monster count
 F = Vault count percentage of total count
                 A         B        C        D         E       F
            +---------+---------+-------+---------+---------+-------
      Total |    1909 |     524 |  21.5 |     125 |       5 |   3.8
            +---------+---------+-------+---------+---------+-------
        D:1 |      40 |       0 |   0.0 |      21 |       0 |   0.0
        D:2 |      56 |       0 |   0.0 |      24 |       0 |   0.0
        D:3 |      66 |     291 |  81.5 |      19 |       3 |  13.6
        D:4 |     110 |      39 |  26.2 |      16 |       1 |   5.9
        D:5 |     271 |       0 |   0.0 |      16 |       0 |   0.0
        D:6 |     349 |       0 |   0.0 |       7 |       0 |   0.0
        D:7 |     569 |       0 |   0.0 |       7 |       0 |   0.0
        D:8 |     448 |     194 |  30.2 |      15 |       1 |   6.2
            +---------+---------+-------+---------+---------+-------

Skill      XL: |  1  2  3  4  5  6  7  8 |
---------------+-------------------------+-----
Fighting       | 1 2 3 4 5 6 |  6.6
Unarmed Combat | 4 5 6 7 8 |  8.5
Dodging        | |  1.5
Shapeshifting  | |  3.0

Action                     |  1- 3 |  4- 6 |  7- 9 || total
---------------------------+-------+-------+-------++-------
  Melee: Unarmed           |    97 |    96 |    97 ||   290
         Punch             |       |     3 |     3 ||     6
         Kick              |       |       |     5 ||     5
         Headbutt          |       |       |     5 ||     5
   Stab: Paralysed         |       |     3 |       ||     3
         Sleeping          |       |     1 |       ||     1
 Armour: Animal skin       |    79 |    59 |    92 ||   230
  Dodge: Dodged            |    60 |    43 |    55 ||   158

Illustrated notes

Table legend:
 A = Kills in this place as a percentage of kills in the entire game.
 B = Kills by you in this place as a percentage of kills by you in the entire game.
 C = Kills by friends in this place as a percentage of kills by friends in the entire game.
 D = Other kills in this place as a percentage of other kills in the entire game.
 E = Experience gained in this place as a percentage of experience gained in the entire game.
 F = Experience gained in this place divided by the number of levels of this place that you have seen.
                   A       B       C       D       E      F
               +-------+-------+-------+-------+-------+----------------------
         Total | 100.0 | 100.0 |   N/A |   N/A | 100.0 | 270.3
       Dungeon | 100.0 | 100.0 |   N/A |   N/A | 100.0 | 304.1
               +-------+-------+-------+-------+-------+----------------------

Table legend: (Time is in decaauts)
 A = Elapsed time spent in this place.
 B = Non-inter-level travel time spent in this place.
 C = Inter-level travel time spent in this place.
 D = Time resting spent in this place.
 E = Time spent auto-exploring this place.
 F = Levels seen in this place.
 G = Mean time per level.
                   A        B        C        D        E       F      G
               +--------+--------+--------+--------+--------+-----+--------+
         Total |   4849 |   4644 |    205 |     11 |   3089 |   9 |  538.8 |
       Dungeon |   4822 |   4628 |    194 |     11 |   3089 |   8 |  602.8 |
        Temple |     26 |     15 |     11 |      0 |      0 |   1 |   26.0 |
               +--------+--------+--------+--------+--------+-----+--------+

Top non-repeatable levels by time:
     D:3: 1003 daAuts
     D:4: 1002 daAuts
     D:6: 636 daAuts
     D:7: 609 daAuts
     D:1: 540 daAuts
     D:2: 479 daAuts
     D:5: 411 daAuts
     D:8: 139 daAuts
  Temple: 26 daAuts
